 Dungeon Crawl Stone Soup version 0.30-a0-1160-g6e42c06551 (webtiles) character file.

Game seed: 2247797574847585895

14904 vineage the Fighter (level 12, 0/82 HPs)
             Began as a Gargoyle Fighter on Apr 26, 2023.
             Was a High Priest of Okawaru.
             Shot with a bolt by a tengu warrior (7 damage)
             ... on level 13 of the Dungeon.
             The game lasted 00:14:01 (10994 turns).

vineage the Fighter (Gargoyle Fighter)             Turns: 10994, Time: 00:14:01

Health: 0/82       AC: 39    Str: 17    XL:     12   Next: 21%
Magic:  14/15      EV:  8    Int:  9    God:    Okawaru [*****.]
Gold:   833        SH: 12    Dex: 13    Spells: 11/11 levels left

rFire   . . .        e - +0 morningstar
rCold   . . .        c - +0 buckler
rNeg    + . .        K - +8 plate armour "Derhoet" {rElec rCorr Str-4}
rPois   ∞            I - +1 helmet {SInv}
rElec   +            d - +0 cloak
rCorr   +            (no gloves)
SInv    +            u - +0 pair of boots
Will    .....        B - amulet of reflection Stlth
                     h - ring of flight
HPRegen 0.33/turn    b - ring of see invisible
MPRegen 0.14/turn

%: reflection
@: heroic, flying
A: sickness immunity, AC +8, negative energy resistance 1, electricity
resistance, torment resistance 1, petrification resistance
a: Renounce Religion, Heroism, Finesse, Duel


You were on level 13 of the Dungeon.
You worshipped Okawaru.
Okawaru was extremely pleased with you.
You visited 2 branches of the dungeon, and saw 13 of its levels.
You also visited: Sewer.

You collected 833 gold pieces.

Inventory:

Hand Weapons
 e - a +0 morningstar (weapon)
 v - a +1 whip of flaming
 y - a +1 flail of protection
Missiles
 n - 5 throwing nets (quivered)
Armour
 c - a +0 buckler (worn)
 d - a +0 cloak (worn)
 u - a +0 pair of boots (worn)
 z - a +2 chain mail of cold resistance
 I - a +1 helmet of see invisible (worn)
 K - the +8 plate armour "Derhoet" (worn) {rElec rCorr Str-4}
   (Okawaru gifted it to you on level 10 of the Dungeon)

   Str:       It affects your strength (-4).
   rElec:     It insulates you from electricity.
   rCorr:     It protects you from acid and corrosion.
Jewellery
 b - a ring of see invisible (right hand)
 h - a ring of flight (left hand)
 o - an amulet of guardian spirit
 x - an amulet of regeneration
 B - an amulet of reflection (around neck)
Wands
 p - a wand of flame (22)
 q - a wand of roots (22)
 s - a wand of mindburst (18)
 A - a wand of digging (14)
 E - a wand of polymorph (5)
 J - a wand of quicksilver (2)
Scrolls
 k - a scroll of magic mapping
 w - a scroll of identify
 G - a scroll of enchant weapon
Potions
 f - 4 potions of brilliance
 i - 2 potions of ambrosia
 j - 2 potions of curing
 l - 2 potions of attraction
 m - 2 potions of cancellation
 r - a potion of mutation
 t - 2 potions of flight {unknown}
 C - a potion of magic {unknown}
 D - a potion of lignification {unknown}
 H - 2 potions of heal wounds {unknown}


   Skills:
 * Level 12.4(17.4) Fighting
 * Level 11.2(16.2) Maces & Flails
 + Level 9.2(14.2) Armour
 + Level 9.2(14.2) Shields
 - Level 4.6 Invocations


You had 11 spell levels left.
You didn't know any spells.
Your spell library contained the following spells:

 Spells                   Type           Power      Damage    Failure   Level
 Freeze                   Ice            0%         1d3       100%        1
 Magic Dart               Conj           0%         1d3       100%        1
 Passwall                 Tmut/Erth      0%         N/A       100%        2
 Static Discharge         Conj/Air       0%         2-2/arc   100%        2
 Frozen Ramparts          Ice            0%         1d1       100%        3
 Gell's Gravitas          Tloc           0%         N/A       100%        3
 Hailstorm                Conj/Ice       0%         3d3       100%        3
 Mephitic Cloud           Conj/Pois/Air  0%         N/A       100%        3
 Stone Arrow              Conj/Erth      0%         3d7       100%        3
 Teleport Other           Tloc           0%         N/A       100%        3
 Airstrike                Air            0%         2d(0-16)  100%        4
 Passage of Golubria      Tloc           0%         N/A       100%        4
 Yara's Violent Unravell  Hex/Tmut       0%         3d3       100%        5
 Dispersal                Tloc           0%         N/A       100%        6
 Enfeeble                 Hex            0%         N/A       100%        7
 Storm Form               Tmut/Air       0%         N/A       100%        7
 Discord                  Hex            0%         N/A       100%        8
 Maxwell's Capacitive Co  Air            0%         ∞         100%        8
 Call Imp                 Summ           Unusable   N/A       N/A         2
 Tukima's Dance           Hex            Unusable   N/A       N/A         3
 Summon Lightning Spire   Summ/Air       Unusable   N/A       N/A         4

Dungeon Overview and Level Annotations

Branches:
Dungeon (11/15)            Temple (1/1) D:5            Lair (0/5) D:10
    Orc (0/2) D:11          Sewer (visited)

Altars:
Ashenzari
Cheibriados
Dithmenos
Elyvilon
Fedhas
Gozag
Hepliaklqana
Kikubaaqudgha
Makhleb
Nemelex Xobeh
Okawaru
Qazlal
Ru
Sif Muna
Trog
Uskayaw
Vehumet
Wu Jian
Xom
Yredelemnul
Zin
The Shining One

Shops:
D:7 :   D:10 *

Annotations:
D:9 1 runed translucent door, 1 transporter


Innate Abilities, Weirdness & Mutations

You are immune to sickness and miasma.
Your stone body is resilient. (AC +8)
You are immune to poison.
You resist negative energy. (rN+)
You are resistant to electric shocks. (rElec)
You are resistant to unholy torment.
You are immune to petrification.


Message History

The bolt of lightning hits you but does no damage.
The bolt of lightning hits you! You resist.
* * * LOW HITPOINT WARNING * * *
The tengu warrior hits you but does no damage.
You hear a shout!
You hear a horrible gurgling sound!
The electric eel shoots out a bolt of lightning at you!
The bolt of electricity hits you but does no damage.
You resist.
The tengu conjurer points at you and mumbles some strange words.
The bolt of lightning hits you. You resist.
* * * LOW HITPOINT WARNING * * *
The bolt of lightning hits you. You resist.
* * * LOW HITPOINT WARNING * * *
The bolt of lightning misses the electric eel.
You see here 4 stones.
You feel better.
The tengu conjurer attacks as you move away!
The tengu conjurer hits you but does no damage.
The tengu conjurer pecks you but does no damage.
You block the tengu conjurer's attack.
The tengu conjurer gestures wildly while chanting.
The tengu conjurer blinks!
Your surroundings suddenly seem different.
A tengu warrior, a tengu conjurer and a basilisk come into view.
Found a stone staircase leading up.
The tengu warrior shouts!
The basilisk hisses angrily.
The tengu warrior unwields a +0 long sword.
The tengu warrior wields a +0 arbalest.
The tengu warrior shoots a bolt.
You block the bolt with an invisible shield... and reflect it back!
The bolt hits the tengu warrior!
The basilisk bites you but does no damage.
Found a leather armour.
The tengu conjurer casts a spell at you.
The bolt of lightning hits you. You resist.
* * * LOW HITPOINT WARNING * * *
The tengu warrior shoots a bolt.
You block the bolt with an invisible shield... and reflect it back!
The bolt hits the tengu warrior!
The tengu warrior shoots a bolt.
The bolt hits you!
You die...

...####..
#......#
#......#
#......#
#......#
#....Q.#
#l.....#
#......#
#@.Q...#
#..<.......
#[######.##
#. .# # .


You could see a tengu warrior, a basilisk and a tengu conjurer.

Vanquished Creatures
  Frances (D:13)
  3 two-headed ogres (D:9)
  Pikel (D:6)
  2 cyclopes
  Maurice (D:9)
  An elephant (D:10)
  Maggie (D:7)
  Psyche (D:9)
  A kobold demonologist (D:10)
  3 freezing wraiths (D:9)
  3 ice devils (D:9)
  A troll (D:10)
  Prince Ribbit (D:6)
  Sigmund (D:5)
  5 wraiths
  9 yaks
  A shadow (D:7)
  A wyvern (D:10)
  A basilisk (D:10)
  A steam dragon (D:8)
  A water moccasin (D:8)
  A warg (D:11)
  An acid dragon (D:9)
  Pargi (Sewer)
  3 ice beasts (D:7)
  4 orc warriors
  3 black bears
  A centaur (D:8)
  The ghost of Arzdou the Magician, an amateur DjFE (D:3)
  4 bullfrogs
  3 kobold brigands
  A wyvern zombie (D:3)
  17 wights
  12 killer bees
  6 howler monkeys
  A human zombie (D:9)
  6 orc priests
  6 hounds
  A jelly (D:6)
  2 gnoll boudas (D:6)
  A centaur skeleton (D:3)
  4 iguanas
  2 sleepcaps
  8 orc wizards
  A killer bee zombie (D:3)
  14 gnolls
  7 adders
  A river rat (D:4)
  10 white imps
  An ufetubus (D:6)
  2 worms (D:2)
  A dart slug (D:1)
  29 orcs
  10 bats
  8 endoplasms
  5 giant cockroaches
  6 goblins
  5 hobgoblins
  4 quokkas
  6 ball pythons
  5 frilled lizards
  A goblin skeleton (D:9)
  24 kobolds
  5 rats
274 creatures vanquished.

Vanquished Creatures (others)
  A fungus (D:1)
  2 plants (D:1)
3 creatures vanquished.

Grand Total: 277 creatures vanquished

Notes
Turn   | Place    | Note
-------+----------+-------------------------------------------
     0 | D:1      | vineage the Gargoyle Fighter began the quest for the Orb.
     0 | D:1      | Reached XP level 1. HP: 14/14 MP: 1/1
    70 | D:1      | Reached XP level 2. HP: 18/19 MP: 2/2
   118 | D:1      | Found a faded altar of an unknown god.
   664 | D:1      | Reached XP level 3. HP: 23/23 MP: 3/3
   908 | D:2      | Reached skill level 4 in Fighting
   908 | D:2      | Reached XP level 4. HP: 29/29 MP: 4/4
  1166 | D:2      | Found a radiant altar of Vehumet.
  1258 | D:2      | Reached XP level 5. HP: 13/34 MP: 5/5
  1441 | D:3      | Found a burning altar of Makhleb.
  1455 | D:3      | Found a transporter.
  1456 | D:3      | Noticed Arzdou's ghost (amateur DjFE)
  1457 | D:3      | Found a transporter.
  2088 | D:3      | Found a shadowy altar of Dithmenos.
  2380 | D:3      | Found a shimmering blue altar of Sif Muna.
  2491 | D:3      | Killed Arzdou's ghost
  2492 | D:3      | Reached XP level 6. HP: 30/40 MP: 6/6
  2519 | D:3      | Reached skill level 5 in Fighting
  2823 | D:4      | Got the Directory of Grey Bad Luck
  3070 | D:4      | Found a glowing drain.
  3080 | Sewer    | Entered a sewer
  3112 | Sewer    | Noticed Pargi
  3121 | Sewer    | Killed Pargi
  3122 | Sewer    | Reached XP level 7. HP: 43/44 MP: 7/7
  3604 | D:4      | Found a snail-covered altar of Cheibriados.
  3715 | D:5      | Entered Level 5 of the Dungeon
  3831 | D:5      | Found a white marble altar of Elyvilon.
  3909 | D:5      | Found a staircase to the Ecumenical Temple.
  3909 | D:5      | Noticed Sigmund
  3920 | D:5      | Killed Sigmund
  3921 | D:5      | Reached skill level 6 in Fighting
  3921 | D:5      | Reached skill level 5 in Maces & Flails
  3921 | D:5      | Reached skill level 5 in Armour
  3926 | Temple   | Entered the Ecumenical Temple
  3944 | Temple   | Became a worshipper of Warmaster Okawaru
  4140 | D:5      | Reached skill level 5 in Shields
  4140 | D:5      | Reached XP level 8. HP: 50/51 MP: 6/8
  4314 | D:5      | Reached skill level 1 in Invocations
  4314 | D:5      | Reached * piety under Okawaru
  4562 | D:6      | Noticed Prince Ribbit
  4571 | D:6      | Killed Prince Ribbit
  4572 | D:6      | Reached skill level 7 in Fighting
  4622 | D:6      | Noticed Pikel
  4641 | D:6      | Killed Pikel
  4641 | D:6      | Reached ** piety under Okawaru
  4642 | D:6      | Reached XP level 9. HP: 58/58 MP: 6/11
  4884 | D:6      | Reached skill level 8 in Fighting
  5771 | D:7      | Reached *** piety under Okawaru
  6109 | D:7      | Found Plog's Book Shoppe.
  6164 | D:7      | Noticed Maggie
  6185 | D:7      | Killed Maggie
  6256 | D:7      | Reached XP level 10. HP: 65/65 MP: 13/13
  6268 | D:7      | Found a stormy altar of Qazlal.
  6414 | D:7      | Found a radiant altar of Vehumet.
  6437 | D:7      | Reached skill level 9 in Fighting
  6489 | D:7      | Reached **** piety under Okawaru
  7488 | D:9      | Noticed a two-headed ogre
  7505 | D:9      | Killed a two-headed ogre
  7506 | D:9      | Reached skill level 10 in Fighting
  7541 | D:9      | Noticed a two-headed ogre
  7552 | D:9      | Killed a two-headed ogre
  7751 | D:9      | Noticed a two-headed ogre
  7762 | D:9      | Killed a two-headed ogre
  7762 | D:9      | Reached ***** piety under Okawaru
  7763 | D:9      | Reached XP level 11. HP: 62/73 MP: 12/14
  7940 | D:9      | Reached skill level 11 in Fighting
  7956 | D:9      | Found a runed translucent door.
  8081 | D:9      | Found a basalt altar of Yredelemnul.
  8097 | D:9      | Noticed Maurice
  8121 | D:9      | Killed Maurice
  8254 | D:9      | Found the +8 frozen axe "Frostbite" {freeze, freezing
                  | cloud, *Noise Fly rC+}
  8329 | D:9      | Reached skill level 10 in Maces & Flails
  8329 | D:9      | Noticed Psyche
  8341 | D:9      | Killed Psyche
  8525 | D:9      | Found a sparkling altar of Nemelex Xobeh.
  8525 | D:9      | Found a transporter.
  8525 | D:9      | Noticed a manticore
  8525 | D:9      | Noticed a six-headed hydra
  8606 | D:10     | Entered Level 10 of the Dungeon
  8697 | D:10     | Found a hazy altar of Hepliaklqana.
  8698 | D:10     | Found a shimmering altar of Xom.
  8729 | D:10     | Received a gift from Okawaru
  8821 | D:10     | Found Zin's Purification Station.
  8824 | D:10     | Found a glowing silver altar of Zin.
  9006 | D:10     | Found a staircase to the Lair.
  9044 | D:10     | Noticed a cyclops
  9090 | D:10     | Killed a cyclops
  9090 | D:10     | Identified the +8 plate armour "Derhoet" {rElec rCorr
                  | Str-4} (Okawaru gifted it to you on level 10 of the
                  | Dungeon)
  9090 | D:10     | Received a gift from Okawaru
  9928 | D:11     | Reached skill level 12 in Fighting
 10065 | D:11     | Noticed a cyclops
 10402 | D:11     | Reached XP level 12. HP: 74/81 MP: 15/15
 10423 | D:11     | Found a staircase to the Orcish Mines.
 10632 | D:11     | You are sucked into a shaft and drop 2 floors!
 10634 | D:13     | Noticed Frances
 10641 | D:13     | Noticed a sun demon
 10658 | D:13     | Killed Frances
 10969 | D:13     | Noticed a tengu warrior
 10985 | D:13     | Noticed a tengu warrior
 10989 | D:13     | HP: 3/82 [tengu conjurer/bolt of lightning (6)]
 10992 | D:13     | Noticed a tengu warrior
 10994 | D:13     | Shot with a bolt by a tengu warrior

Illustrated notes

Levels and vault maps discovered:
D:1:      minmay_arrival_radiant_lines, layout_basic,
          shapermc_ecumenical_altar_mp_urbaneastern
D:2:      layout_rooms, basic_altar, minmay_tetromino_t2
D:3:      layout_basic, led_sif_pool, grunt_dithmenos_smoke,
          mainiacjoe_overflow_cross_hatched, gammafunk_ghost_mausoleum
D:4:      layout_loops_cross, nicolae_overflow_hidden_temple,
          gup_sewer_entry_bubbles
D:5:      layout_rooms, elyvilon_altar_4, minmay_temple_entry_arrows,
          uniq_sigmund
D:6:      layout_loops_corners, minivault_26, uniq_prince_ribbit1, uniq_pikel
D:7:      layout_basic, mainiacjoe_overflow_surrounded_room,
          nicolae_vehumet_radiance, serial_shops, nicolae_book_shop_shelving,
          skrybe_limestone_x, uniq_maggie
D:8:      layout_basic, minmay_misc_feat_ornament
D:9:      layout_roguey, dk_yredelemnul_ordeal, grunt_nemelex_the_gamble,
          minivault_21, hellmonk_guarded_unrand_frostbite, uniq_psyche,
          uniq_maurice
D:10:     layout_basic, regret_index_temple_of_mockery, zin_purify,
          david_lair_generic
D:11:     layout_roguey, erik_orc_4
D:13:     layout_basic, skrybe_vaults_entry_preservation, uniq_frances,
          uniq_erolcha
Temple:   hellmonk_temple_rainy

Skill      XL: |  1  2  3  4  5  6  7  8  9 10 11 12 |
---------------+-------------------------------------+-----
Fighting       | 4 5 6 7 8 10 12 | 12.4
Maces & Flails | 3 4 5 6 7 9 10 11 | 11.2
Armour         | 4 5 6 7 9 |  9.2
Shields        | 4 5 6 7 8 9 |  9.2
Invocations    | 3 4 |  4.6

Action                     |  1- 3 |  4- 6 |  7- 9 | 10-12 || total
---------------------------+-------+-------+-------+-------++-------
  Melee: Flail             |    69 |   191 |   311 |   724 ||  1295
         Whip              |       |       |   103 |       ||   103
         Morningstar       |       |       |       |    65 ||    65
 Invoke: Heroism           |       |       |     2 |    12 ||    14
    Use: Scroll            |     2 |     8 |     1 |     8 ||    19
         Potion            |       |     1 |     1 |     7 ||     9
   Stab: Petrifying        |       |       |       |     3 ||     3
 Armour: Scale mail        |    27 |    11 |       |       ||    38
         Chain mail        |       |   129 |   259 |   367 ||   755
         Plate armour      |       |       |       |   137 ||   137
  Dodge: Dodged            |    31 |    95 |   129 |   252 ||   507
  Block: Buckler           |    14 |    49 |   104 |   247 ||   414
         Reflection        |       |       |       |     5 ||     5

Table legend: (Time is in decaauts)
 A = Elapsed time spent in this place.
 B = Non-inter-level travel time spent in this place.
 C = Inter-level travel time spent in this place.
 D = Time resting spent in this place.
 E = Time spent auto-exploring this place.
 F = Levels seen in this place.
 G = Mean time per level.
                   A        B        C        D        E       F      G
               +--------+--------+--------+--------+--------+-----+--------+
         Total |  11033 |  10517 |    516 |   1008 |   7005 |  14 |  788.1 |
       Dungeon |  10870 |  10370 |    500 |   1008 |   6947 |  12 |  905.8 |
        Temple |     37 |     22 |     15 |      0 |     13 |   1 |   37.0 |
         Sewer |    125 |    125 |      0 |      0 |     45 |   1 |  125.0 |
               +--------+--------+--------+--------+--------+-----+--------+

Top non-repeatable levels by time:
     D:3: 1369 daAuts
    D:10: 1260 daAuts
     D:7: 1147 daAuts
     D:9: 1131 daAuts
     D:6: 1115 daAuts
     D:1: 861 daAuts
     D:8: 848 daAuts
     D:4: 812 daAuts
    D:11: 735 daAuts
     D:2: 618 daAuts
     D:5: 604 daAuts
    D:13: 366 daAuts
   Sewer: 125 daAuts
  Temple: 37 daAuts
